 Dungeon Crawl Stone Soup version 0.21.0-3-g78d12a8 (webtiles) character file.

23 Stelteck the Firebug (level 2, -3/20 HPs)
             Began as a Draconian Fire Elementalist on Jan 13, 2018.
             Slain by a gnoll (4 damage)
             ... on level 1 of the Dungeon.
             The game lasted 00:06:26 (1064 turns).

Stelteck the Firebug (Draconian Fire Elementalist)  Turns: 1064, Time: 00:06:26

Health: -3/20      AC:  6    Str: 10    XL:     2   Next: 75%
Magic:  0/5        EV: 12    Int: 15    God:
Gold:   46         SH:  0    Dex: 11    Spells: 2/5 levels left

rFire    . . .     SeeInvis .   c - -3 club (curse)
rCold    . . .     Gourm    .   (no shield)
rNeg     . . .     Faith    .   (armour unavailable)
rPois    .         Spirit   .   j - +2 hat
rElec    .         Reflect  .   (no cloak)
rCorr    .         Harm     .   (no gloves)
MR       .....                  (no boots)
Stlth    ++........             (no amulet)
HPRegen  0.06/turn              (no ring)
MPRegen  0.09/turn              (no ring)

@: no status effects
A: unfitting armour, cold-blooded, AC +4
a: no special abilities


You were on level 1 of the Dungeon.
You were hungry.

You visited 1 branch of the dungeon, and saw 2 of its levels.

You collected 46 gold pieces.

Inventory:

Hand Weapons
 c - a cursed -3 club (weapon)
 e - a +0 dagger
Missiles
 n - 4 stones (quivered)
Armour
 g - a +2 large shield
 j - a +2 hat (worn)
Scrolls
 d - a scroll of magic mapping {unknown}
 m - 2 scrolls of teleportation
Potions
 f - a potion of haste
 h - a potion of mutation {unknown}
 i - a potion of curing {unknown}
 k - a potion of cancellation {unknown}
 l - a potion of heal wounds {unknown}
Books
 a - a book of Flames

   Spells                             Type                      Level
   a - Flame Tongue                   Conjuration/Fire             1
   b - Throw Flame                    Conjuration/Fire             2
   c - Conjure Flame                  Conjuration/Fire             3
   d - Inner Flame                    Hexes/Fire                   3
   e - Sticky Flame                   Conjuration/Fire             4
   f - Fireball                       Conjuration/Fire             5
Comestibles
 b - a ration
 o - a chunk of flesh


   Skills:
 - Level 1.7 Dodging
 - Level 1.7 Stealth
 - Level 2.0 Spellcasting
 - Level 1.0 Conjurations
 + Level 4.1 Fire Magic


You had 2 spell levels left.
You knew the following spells:

 Your Spells              Type           Power        Failure   Level  Hunger
a - Flame Tongue          Conj/Fire      #....        8%          1    #......
b - Throw Flame           Conj/Fire      #.....       12%         2    ###....


Dungeon Overview and Level Annotations

Branches:
Dungeon (2/15)

Altars:


Innate Abilities, Weirdness & Mutations

Your plain brown scales are hard. (AC +4)
You cannot fit into any form of body armour.
You are cold-blooded and may be slowed by cold attacks.


Message History

The gnoll hits you from afar with a spear of piercing!
A gnoll comes into view.
The gnoll hits you.
* * * LOW HITPOINT WARNING * * *
You see here a dagger.
The gnoll hits you but does no damage.
There is a stone staircase leading up here.
The gnoll misses you. The gnoll barely misses you.
You climb upwards.
There is a stone staircase leading down here.
Casting: Flame Tongue
Confirm with . or Enter, or press ? or * to list all spells.
Aiming: Flame Tongue
Press: ? - help, Shift-Dir - straight line, f - gnoll
Aim: a gnoll The flame tongue misses the gnoll.
The gnoll hits you but does no damage.
You hit the gnoll but do no damage. The gnoll hits you.
* * * LOW HITPOINT WARNING * * *
You barely miss the gnoll. The gnoll hits you.
You die...

.....#..#..#######
......#..........#
....#..#.........#
.....#..#.#......#
......#...#......#
....#..#..#......#
.....#..#........#
......#...#......#
....#..#..#....g@#
.....#..#........#
......#....#######
....#..#..######
.....#..#......#
.###...........#
...###.##.[....#
.#.....#########
.#....##


You could see a gnoll.

Vanquished Creatures
  A gnoll (D:2)
  A giant cockroach (D:1)
  A goblin (D:1)
  3 hobgoblins
  3 kobolds
  A bat (D:1)
  3 rats
13 creatures vanquished.

Notes
Turn   | Place    | Note
-------+----------+-------------------------------------------
     0 | D:1      | Stelteck the Draconian Fire Elementalist began the quest for the Orb.
     0 | D:1      | Reached XP level 1. HP: 14/14 MP: 3/3
   330 | D:1      | Reached XP level 2. HP: 16/20 MP: 0/5
   397 | D:1      | Learned a level 2 spell: Throw Flame
  1015 | D:2      | Reached skill level 4 in Fire Magic
  1063 | D:1      | HP: 1/20 [gnoll (3)]
  1064 | D:1      | Slain by a gnoll

Skill      XL: |  1  2 |
---------------+-------+-----
Fire Magic     | 4 |  4.1
Dodging        | |  1.7
Stealth        | |  1.7
Spellcasting   | |  2.0
Conjurations   | |  1.0

Action                   || total
-------------------------++-------
Melee: Club              ||    21
       Unarmed           ||     1
       Tailslap          ||     2
 Cast: Flame Tongue      ||    22
  Use: Scroll            ||     3
Armor: Skin              ||     9
Dodge: Dodged            ||    27
